 Dungeon Crawl Stone Soup version 0.27-a0-1144-g0b7d3b79db (webtiles) character file.

Game seed: 15669699804534347106

456 freelancePsychic the Spear-Bearer (level 7, -2/50 HPs)
             Began as a Merfolk Gladiator on May 10, 2021.
             Was an Initiate of Gozag.
             Slain by a gnoll shaman
             ... wielding a +4 whip
              (4 damage)
             ... on level 5 of the Dungeon.
             The game lasted 00:07:21 (4481 turns).

freelancePsychic the Spear-Bearer (MfGl)            Turns: 4481, Time: 00:07:22

Health: -2/50      AC:  5    Str: 17    XL:     7   Next: 6%
Magic:  7/7        EV: 10    Int:  7    God:    Gozag
Gold:   249        SH:  7    Dex: 18    Spells: 6/6 levels left

rFire    . . .     SeeInvis .   t - +5 trident "Keoqij" {venom, Dex+3}
rCold    . . .     Faith    .   p - +0 kite shield
rNeg     . . .     Spirit   .   b - +0 leather armour
rPois    .         Reflect  .   m - +2 hat {Will+}
rElec    .         Harm     .   (no cloak)
rCorr    .         Rampage  .   (no gloves)
Will     +....                  (no boots)
Stlth    +.........             (no amulet)
HPRegen  0.16/turn              (no ring)
MPRegen  0.10/turn              (no ring)

@: no status effects
A: (nimble swimmer 2), mertail
a: Renounce Religion, Potion Petition, Call Merchant, Bribe Branch


You were on level 5 of the Dungeon.
You worshipped Gozag.
Gozag was aware of your devotion.
You visited 1 branch of the dungeon, and saw 5 of its levels.

You collected 495 gold pieces.
You spent 246 gold pieces at shops.

Inventory:

Hand Weapons
 a - a +0 trident
 t - the +5 trident "Keoqij" (weapon) {venom, Dex+3}
   (You bought it in a shop on level 4 of the Dungeon)

   It poisons the flesh of those it strikes.
   It affects your dexterity (+3).
Missiles
 d - 3 throwing nets (quivered)
Armour
 b - a +0 leather armour (worn)
 m - a +2 hat of willpower (worn)
 p - a +0 kite shield (worn)
Scrolls
 e - a scroll of identify {@r1}
 g - a scroll of enchant armour
 i - a scroll of fear {unknown}
 j - 4 scrolls of teleportation {@r4}
 k - a scroll of magic mapping {unknown}
 n - 2 scrolls of vulnerability {unknown}
 r - a scroll of enchant weapon {unknown}
Potions
 c - a potion of curing {unknown}
 f - 2 potions of ambrosia
 h - 3 potions of heal wounds {unknown}
 l - a potion of lignification {unknown}
 o - 2 potions of invisibility {unknown}
 q - a potion of magic {unknown}
 s - 4 potions of flight {unknown}


   Skills:
 - Level 2.1 Fighting
 + Level 10.9 Polearms
 - Level 2.0 Throwing
 - Level 4.0 Dodging


You had 6 spell levels left.
You didn't know any spells.
Your spell library contained the following spells:

 Spells                   Type           Power      Damage    Failure   Level
 Ice Form                 Ice/Tmut       0%         N/A       100%        4
 Summon Ice Beast         Ice/Summ       0%         N/A       100%        4
 Freezing Cloud           Conj/Ice/Air   0%         6-21      100%        6
 Simulacrum               Ice/Necr       0%         N/A       100%        6
 Ozocubu's Refrigeration  Ice            0%         4d5       100%        7


Dungeon Overview and Level Annotations

Branches:
Dungeon (5/15)
 Temple: D:4-7

Altars:
Fedhas
Gozag
Kikubaaqudgha
Vehumet
Xom

Shops:
D:4 (

Annotations:
D:2 Sigmund, Terence


Innate Abilities, Weirdness & Mutations

((You are quick and stealthy near water. (Stealth+, EV+, Speed+++)))
Your lower body shifts to a powerful aquatic tail in water.


Message History

The gnoll hits you from afar with a +0 halberd.
The gnoll shaman hits you with a +4 whip!
You block the gnoll's attack.
You are too injured to fight recklessly!
You are too injured to fight recklessly!
You are too injured to fight recklessly!
You are too injured to fight recklessly!
You are too injured to fight recklessly!
You are too injured to fight recklessly!
You are too injured to fight recklessly!
You are too injured to fight recklessly!
You are too injured to fight recklessly!
You are too injured to fight recklessly!
You are too injured to fight recklessly!
You are too injured to fight recklessly!
You are too injured to fight recklessly!
You are too injured to fight recklessly!
You are too injured to fight recklessly!
You are too injured to fight recklessly!
You are too injured to fight recklessly!
You are too injured to fight recklessly!
You block the gnoll shaman's attack.
The gnoll hits you from afar with a +0 halberd!
The gnoll hits you but does no damage.
Your shield prevents you from hitting the gnoll shaman.
The gnoll shaman is heavily wounded.
The gnoll barely misses you. You block the gnoll's attack.
The gnoll shaman hits you with a +4 whip.
* * * LOW HITPOINT WARNING * * *
You block the gnoll's attack.
The gnoll shaman calls upon its god to speed up the gnoll.
The gnoll seems to speed up.
You closely miss the gnoll shaman.
The gnoll shaman is severely wounded.
The gnoll barely misses you.
The gnoll hits you from afar with a +0 halberd!
* * * LOW HITPOINT WARNING * * *
The gnoll shaman hits you with a +4 whip.
You die...
Your body crumbles into a pile of gold.

###.# ### ... ..#....##.###
#...#.#.........###
#...#.....##......#### .. .
......##..##........##
..##.##.........#.........#
#........###...............
##.........#....#.....<.....
#......###.@......##.#....##
.###.....##g.g.#.##..).#.#...#
#.........#g####.....##..##...
..........Jg# ......## ..# .##
..#.....>..###.##.......# #
..#..........#. #.......# .
#.#.............###......
..###.........#.....# ..#....
...J.<...........##.. ....


You could see a gnoll shaman (poisoned), a jelly and 3 gnolls.

Vanquished Creatures
  A phantom (D:5)
  A centaur zombie (D:5)
  A hound (D:4)
  2 jellies (D:4)
  An orc priest (D:4)
  A killer bee zombie (D:5)
  13 gnolls
  2 adders
  A dart slug (D:1)
  6 orcs
  5 endoplasms
  10 goblins
  A hobgoblin (D:1)
  6 jackals
  A quokka (D:3)
  8 ball pythons
  7 bats
  2 frilled lizards (D:1)
  6 kobolds
  6 rats
81 creatures vanquished.

Notes
Turn   | Place    | Note
-------+----------+-------------------------------------------
     0 | D:1      | freelancePsychic the Merfolk Gladiator began the quest for
                  | the Orb.
     0 | D:1      | Reached XP level 1. HP: 16/16 MP: 1/1
     6 | D:1      | Noticed a lindwurm
     6 | D:1      | Noticed a hound
     7 | D:1      | Noticed a rime drake
     7 | D:1      | Noticed a polar bear
   171 | D:1      | Reached skill level 5 in Polearms
   197 | D:1      | Reached XP level 2. HP: 22/22 MP: 2/2
   672 | D:1      | Found a faded altar of an unknown god.
   675 | D:1      | Became a worshipper of Gozag Ym Sagoz the Greedy
   968 | D:1      | Reached skill level 6 in Polearms
   968 | D:1      | Reached XP level 3. HP: 12/27 MP: 3/3
  1178 | D:1      | Reached skill level 7 in Polearms
  1178 | D:1      | Reached XP level 4. HP: 6/33 MP: 4/4
  2036 | D:2      | Noticed Sigmund
  2451 | D:3      | Noticed Terence
  3208 | D:4      | Found Queshuch's Antique Weapon Boutique.
  3213 | D:4      | Bought a slimy trident for 246 gold pieces
  3213 | D:4      | Identified the +5 trident "Keoqij" {venom, Dex+3} (You
                  | bought it in a shop on level 4 of the Dungeon)
  3325 | D:4      | Reached skill level 8 in Polearms
  3325 | D:4      | Reached XP level 5. HP: 27/38 MP: 5/5
  3427 | D:4      | Found a blossoming altar of Fedhas.
  3432 | D:4      | Found a radiant altar of Vehumet.
  3432 | D:4      | Found an ancient bone altar of Kikubaaqudgha.
  3572 | D:4      | Reached skill level 9 in Polearms
  3726 | D:4      | Reached XP level 6. HP: 42/44 MP: 6/6
  3925 | D:4      | Found a shimmering altar of Xom.
  3931 | D:4      | Identified the -2 cloak of Jonkoluhe {SInv}
  4028 | D:4      | Reached skill level 10 in Polearms
  4134 | D:5      | Entered Level 5 of the Dungeon
  4418 | D:5      | Reached XP level 7. HP: 43/50 MP: 7/7
  4481 | D:5      | HP: 2/50 [gnoll/+0 halberd (12)]
  4481 | D:5      | Slain by a gnoll shaman

Illustrated notes

Levels and vault maps discovered:
D:1:      onia_arrival_zoo_common, layout_loops_ring,
          shapermc_ecumenical_altar_mp_urbaneastern
D:2:      layout_loops_ring, uniq_sigmund
D:3:      layout_basic, interstate_on_off, uniq_terence
D:4:      layout_rooms, tgw_xom, grunt_temple_overflow_open, serial_shops, shop
D:5:      layout_cave_pools, kennysheep_slug_shrine, uniq_eustachio

Skill      XL: |  1  2  3  4  5  6 |
---------------+-------------------+-----
Polearms       | 5 6 7 8 9 10 | 10.9
Fighting       | |  2.1
Throwing       | |  2.0
Dodging        | |  4.0

Action                   |  1- 3 |  4- 6 |  7- 9 || total
-------------------------+-------+-------+-------++-------
Melee: Trident           |    73 |    84 |     5 ||   162
       Halberd           |       |    48 |       ||    48
  Use: Potion            |     1 |       |       ||     1
       Scroll            |       |     2 |       ||     2
 Stab: Sleeping          |     2 |     2 |       ||     4
       Distracted        |       |     1 |       ||     1
Armor: Leather armour    |    13 |    15 |     1 ||    29
Dodge: Dodged            |    39 |    32 |     3 ||    74
Block: Kite shield       |       |    28 |     5 ||    33

Table legend: (Time is in decaauts)
 A = Elapsed time spent in this place.
 B = Non-inter-level travel time spent in this place.
 C = Inter-level travel time spent in this place.
 D = Time resting spent in this place.
 E = Time spent auto-exploring this place.
 F = Levels seen in this place.
 G = Mean time per level.
                   A        B        C        D        E       F      G
               +--------+--------+--------+--------+--------+-----+--------+
         Total |   4500 |   4373 |    127 |    621 |   3092 |   5 |  900.0 |
       Dungeon |   4500 |   4373 |    127 |    621 |   3092 |   5 |  900.0 |
               +--------+--------+--------+--------+--------+-----+--------+

Top non-repeatable levels by time:
     D:1: 1870 daAuts
     D:4: 1173 daAuts
     D:2: 813 daAuts
     D:3: 535 daAuts
     D:5: 106 daAuts
